 Dungeon Sprint DCSS version 0.26.1-11-gd32895ea62 (webtiles) character file.

Game seed: 4896567098905080667

269 Zeld the Summoner (level 6, -5/40 HPs)
             Began as a Tengu Summoner on June 14, 2021.
             Was an Initiate of Sif Muna.
             Killed from afar by a red draconian (26 damage)
             ... with a searing blast
             ... in the Dungeon (Sprint V: "Ziggurat Sprint").
             The game lasted 00:02:02 (339 turns).

Zeld the Summoner (Tengu Summoner)                   Turns: 339, Time: 00:02:02

Health: -5/40      AC:  2    Str:  8    XL:     6   Next: 22%
Magic:  15/20      EV: 16    Int: 35    God:    Sif Muna [......]
Gold:   0          SH:  0    Dex: 15    Spells: 2/15 levels left

rFire    . . .     SeeInvis .   y - +6 Majin-Bo {vamp, MP+6 Int+6}
rCold    . . .     Faith    .   (shield currently unavailable)
rNeg     . . .     Spirit   .   a - +0 robe
rPois    .         Reflect  .   (helmet restricted)
rElec    .         Harm     .   (no cloak)
rCorr    .         Rampage  .   (no gloves)
Will     .....     NoTele   +   (boots unavailable)
Stlth    ++........             (no amulet)
HPRegen  0.13/turn              v - +6 ring of intelligence
MPRegen  0.17/turn              w - +6 ring of intelligence

@: no status effects
A: beak, talons 3, able to fly
a: Fly, Renounce Religion


You were in the Dungeon.
You worshipped Sif Muna.
Sif Muna was noncommittal.
You visited 1 branch

Inventory:

Hand Weapons
 y - the +6 Majin-Bo (weapon) {vamp, MP+6 Int+6}
   (You found it in the Dungeon)

   It inflicts no extra harm, but heals its wielder when it wounds a living foe.
   It affects your intelligence (+6).
   It affects your magic capacity (+6).
Armour
 a - a +0 robe (worn)
Jewellery
 v - a +6 ring of intelligence (left hand)
 w - a +6 ring of intelligence (right hand)
Wands
 s - a wand of disintegration (7)
 t - a wand of iceblast (7)
 u - a wand of acid (6)
Scrolls
 b - 4 scrolls of amnesia
 h - 4 scrolls of blinking
 i - 7 scrolls of fog
 j - a scroll of holy word
 k - 5 scrolls of identify
 l - 5 scrolls of remove curse
 m - 2 scrolls of fear
Potions
 c - 10 potions of curing
 d - 5 potions of heal wounds
 e - 6 potions of haste
 f - 7 potions of magic
 g - 3 potions of berserk rage
 n - 2 potions of brilliance
 o - 2 potions of invisibility
 p - 4 potions of resistance
 r - 5 potions of might
Miscellaneous
 x - a lightning rod (inert)


   Skills:
 + Level 5.1 Fighting
 + Level 6.1 Dodging
 - Level 2.0 Stealth
 + Level 5.2 Spellcasting
 * Level 10.1 Summonings
 * Level 5.1 Invocations


You had 2 spell levels left.
You knew the following spells:

 Your Spells              Type           Power        Failure   Level
a - Summon Small Mammal   Summ           100%         1%          1
b - Call Imp              Summ           68%          1%          2
c - Call Canine Familiar  Summ           68%          1%          3
d - Summon Guardian Gole  Hex/Summ       44%          1%          3
e - Summon Ice Beast      Ice/Summ       44%          4%          4

Your spell library contained the following spells:

 Spells                   Type           Power        Failure   Level
 Summon Lightning Spire   Summ/Air       44%          4%          4


Dungeon Overview and Level Annotations

Branches:
Dungeon (1/1)

Altars:
Ashenzari
Cheibriados
Dithmenos
Elyvilon
Fedhas
Gozag
Hepliaklqana
Kikubaaqudgha
Makhleb
Nemelex Xobeh
Okawaru
Qazlal
Ru
Sif Muna
Trog
Uskayaw
Vehumet
Wu Jian
Xom
Yredelemnul
Zin
The Shining One
Beogh
Jiyva
Lugonu

Annotations:
D 1 transporter


Innate Abilities, Weirdness & Mutations

You have a beak for a mouth.
You have claws for feet.
You can fly continuously.


Message History

Aiming: Corrosive Bolt
Press: ? - help, Shift-Dir - straight line, f/p - red draconian
Aim: a red draconian, wielding a +0 war axe (severely wounded, 29% to evade)
The bolt of acid hits the red draconian!
The red draconian is splashed with acid.
The red draconian is almost dead.
The draconian hits you with a +0 club.
* * * LOW HITPOINT WARNING * * *
Unknown command.
Okay, then.
You feel much better.
The red draconian hits you with a +0 war axe!!
Ouch! That really hurt!
The draconian closely misses you.
The draconian hits you but does no damage.
You feel much better. The draconian hits you with a +0 club!
The red draconian breathes fire at you. The searing blast hits you!!
Ouch! That really hurt!
You die...

▓▓▓▓▓▓▓▓▓▓▓▓▓
▓.8©8.▓.8©8.▓
▓.[)[.▓.....▓
▓.....▓.).).▓
▓.....▓.....▓
▓.....▓.....▓
▓...dd▓..©..▓
▓..©d@▓▓▓▓▓▓▓
▓▓▓▓▓▓▓


You could see a red draconian (catching breath) and 2 draconians.

Vanquished Creatures
  A jumping spider (D)
  A scorpion (D)
2 creatures vanquished.

Notes
Turn   | Place    | Note
-------+----------+-------------------------------------------
     0 | D        | Zeld the Tengu Summoner began the quest for the Orb.
     0 | D        | Reached XP level 1. HP: 10/10 MP: 4/4
     2 | D        | Found a blossoming altar of Fedhas.
     3 | D        | Found the +6 Majin-Bo {vamp, MP+6 Int+6}
     3 | D        | Found the +9 heavy crossbow "Sniper" {vorpal, Acc+∞ SInv}
     3 | D        | Found the +10 dark maul {vorpal}
     3 | D        | Found the +15 Maxwell's patent armour {-Cast -Tele rElec
                  | Will+ rCorr}
     3 | D        | Found the +18 shield of the Gong {rElec rN+ Will+ EV-5}
     3 | D        | Found the cursed +14 obsidian axe {vorpal, +Fly SInv
                  | *Curse}
     3 | D        | Found the +7 great mace "Firestarter" {inner flame, rF++}
     3 | D        | Found the +6 shillelagh "Devastator" {shatter}
     3 | D        | Found the +11 plutonium sword {*Contam Stlth-}
     3 | D        | Found the +8 lance "Wyrmbane" {slay drac, rPois rF+ rC+
                  | AC+3}
     3 | D        | Found the +9 sword of Zonguldrok {reap}
     3 | D        | Found the cursed +13 scythe of Curses {drain, *Curse}
     3 | D        | Found the +5 sword of Power {vorpal}
     3 | D        | Found the +7 mace of Variability {chain chaos}
     3 | D        | Found the +7 Singing Sword {vorpal, sonic wave}
     3 | D        | Found the +8 storm bow {elec, penet}
     3 | D        | Found a viscous altar of Jiyva.
     3 | D        | Found a hazy altar of Hepliaklqana.
     3 | D        | Found a transporter.
     3 | D        | Found an opulent altar of Gozag.
     3 | D        | Found an ancient bone altar of Kikubaaqudgha.
     3 | D        | Found a corrupted altar of Lugonu.
     6 | D        | Found a burning altar of Makhleb.
     7 | D        | Found a sacrificial altar of Ru.
     7 | D        | Found a stormy altar of Qazlal.
     7 | D        | Found a shimmering blue altar of Sif Muna.
     7 | D        | Found an iron altar of Okawaru.
     7 | D        | Found a bloodstained altar of Trog.
     7 | D        | Found a sparkling altar of Nemelex Xobeh.
    33 | D        | Reached skill level 7 in Summonings
    33 | D        | Reached XP level 2. HP: 19/19 MP: 4/7
   209 | D        | Became a worshipper of Sif Muna the Loreminder
   213 | D        | Learned a level 2 spell: Call Imp
   234 | D        | Entered arena 2.
   234 | D        | Noticed a jumping spider
   234 | D        | Noticed a scorpion
   234 | D        | Found a transporter.
   239 | D        | Killed a scorpion
   240 | D        | Reached skill level 8 in Summonings
   240 | D        | Reached XP level 3. HP: 21/23 MP: 9/9
   240 | D        | Reached XP level 4. HP: 25/28 MP: 11/11
   240 | D        | Killed a jumping spider
   241 | D        | Reached skill level 5 in Fighting
   241 | D        | Reached skill level 5 in Spellcasting
   241 | D        | Reached skill level 10 in Summonings
   241 | D        | Reached skill level 5 in Invocations
   241 | D        | Gained mutation: You can fly continuously. [Tengu growth]
   241 | D        | Reached XP level 5. HP: 32/35 MP: 12/13
   241 | D        | Reached XP level 6. HP: 36/40 MP: 12/14
   245 | D        | Learned a level 3 spell: Call Canine Familiar
   249 | D        | Learned a level 3 spell: Summon Guardian Golem
   254 | D        | Learned a level 4 spell: Summon Ice Beast
   318 | D        | Entered arena 3.
   318 | D        | Noticed a red draconian
   318 | D        | Noticed a draconian
   318 | D        | Noticed a draconian
   318 | D        | Found a transporter.
   319 | D        | HP: 2/40 [red draconian/searing blast (35)]
   339 | D        | Killed from afar by a red draconian

Illustrated notes

Levels and vault maps discovered:
D:        sprint_v [room_start, room_1, room_2, room_3, room_4, room_5, room_6,
          room_7, room_8, room_9, room_10, room_11, room_12, room_13, room_14,
          room_15, room_16, room_17, room_18, room_19, room_20, room_21,
          room_22, room_23, room_24, room_25, room_26, room_27]

Skill      XL: |  1  2  3  4 |
---------------+-------------+-----
Fighting       | 3 5 |  5.1
Dodging        | 4 6 |  6.1
Spellcasting   | 3 4 5 |  5.2
Summonings     | 7 8 10 | 10.1
Invocations    | 2 5 |  5.1
Stealth        | |  2.0

Action                   |  1- 3 |  4- 6 || total
-------------------------+-------+-------++-------
Melee: Quarterstaff      |       |     5 ||     5
       Peck              |       |     2 ||     2
 Cast: Call Imp          |     1 |       ||     1
       Summon Ice Beast  |       |     2 ||     2
Evoke: Lightning rod     |     3 |     5 ||     8
       Wand              |       |     1 ||     1
  Use: Potion            |     1 |     5 ||     6
Armor: Robe              |     2 |     1 ||     3
Dodge: Dodged            |     4 |     9 ||    13
